Unix NetHack Version 5.0.0-0 post-release - last build Jun 10 2026 00:39:30 (3ee93aec679c4c4259841fe613dc97188e26a321,branch:main).

Game began 2026-06-24 20:29:27, ended 2026-06-24 20:36:24.

IanCurtis, chaotic male elven Wizard

          ----------------
          |..............|
          |...<..........+ ###################
          |..............|#################%##
          --|-.-----------####           ##        ##       --------------
             ##############      ---------.---     #########|............|
                                 .C.........*.######    ####|....@.......|
                                 |.....C.....|             #-(..B........|
                                 |.. -----...|              |.....^......|
                                 |       |...|              -............|
                                         |C..|              --------------
                                         ....|
                                         -...|
                                         ....|
                                         ...C|
                                        ------

IanCurtis the Conjurer    St:10 Dx:10 Co:14 In:20 Wi:11 Ch:12  Chaotic
Dlvl:5  $:39 HP:0(28) Pw:10(38) AC:9  Xp:4 T:1456 

Latest messages:
 The iguana bites!
 The dwarf wields a broad pick!
 In what direction? b
 The spell hits the iguana.
 You kill the iguana!
 Welcome to experience level 4.
 You feel awake!
 The spell misses the dwarf.
 In what direction? b
 The spell hits the dwarf.
 In what direction? b
 The spell misses the dwarf.
 You miss the dwarf.
 You hit the dwarf.
 The dwarf swings her broad pick.
 The dwarf hits!
 In what direction? j
 The spell hits the dwarf!
 You kill the dwarf!
 There are several objects here.
 You stop searching.
 You hit the manes!
 The manes hits!
 The manes hits again!
 The manes bites!
 You destroy the manes!
 The giant rat bites!
 In what direction? y
 The spell hits the giant rat!
 You kill the giant rat!
 You see here a giant rat corpse.
 There is a giant rat corpse here; eat it? [ynq] (n) y
 This giant rat corpse is gamey.
 You finish eating the giant rat corpse.
 In what direction? h
 The spell hits the manes!
 You destroy the manes!
 The giant rat bites!
 In what direction? y
 The spell hits the giant rat!
 You kill the giant rat!
 With great effort you move the boulder.
 You climb up the stairs.
 The giant bat bites!
 The giant bat bites!
 In what direction? b
 The spell hits the giant bat!
 The giant bat bites!
 You die...
 Do you want your possessions identified? [ynq] (y) q

Inventory:
 Coins    ('$')
  $ - 39 gold pieces
 Amulets  ('"')
  q - a cursed amulet of flying
 Weapons  (')')
  r - a +0 dagger
  a - a blessed +1 quarterstaff (weapon in hands)
 Armor    ('[')
  p - an uncursed +0 pair of kicking boots
  b - an uncursed +0 cloak of magic resistance (being worn)
 Comestibles  ('%')
  B - 2 uncursed food rations
  y - an uncursed lembas wafer
  D - an uncursed melon
 Scrolls  ('?')
  E - 2 uncursed scrolls of earth named earth
  w - a cursed scroll of earth
  i - 3 uncursed scrolls of enchant armor
  j - an uncursed scroll of light
  o - an uncursed scroll of teleportation named teleport
 Spellbooks  ('+')
  l - an uncursed spellbook of extra healing
  k - a blessed spellbook of force bolt
  u - an uncursed spellbook of force bolt
  x - an uncursed spellbook of jumping
 Potions  ('!')
  h - a blessed potion of full healing
  s - an uncursed potion of healing
  f - an uncursed potion of monster detection
  g - a potion of holy water
  v - a potion of unholy water
 Rings    ('=')
  e - an uncursed ring of cold resistance
  C - an uncursed +1 ring of increase damage
  d - an uncursed ring of see invisible
 Wands    ('/')
  t - a wand of digging (0:4)
  c - a wand of probing (0:4)
  A - a wand of striking (0:5)
 Tools    ('(')
  n - an uncursed leather drum
  m - a magic marker (0:21)

IanCurtis the Wizard's attributes:

Background:
 You were a Conjurer, a level 4 male elven Wizard.
 You were chaotic, on a mission for Anhur
 who was opposed by Ptah (lawful) and Thoth (neutral).
 You were right-handed.
 You were in the Dungeons of Doom, on level 5.
 You entered the dungeon 1456 turns ago.
 You had 101 experience points, 59 more were needed to attain level 5.

Basics:
 You had 0 out of 28 hit points.
 You had 10 out of 38 energy points (spell power).
 Your armor class was 9.
 Your wallet contained 39 zorkmids.
 Autopickup was off.

Final Characteristics:
 Your strength was 10 (limit:18).
 Your dexterity was 10 (limit:18).
 Your constitution was 14 (limit:16).
 Your intelligence was 20 (limit:20).
 Your wisdom was 11 (limit:20).
 Your charisma was 12 (limit:18).

Final Status:
 You weren't hungry.
 You were unencumbered.
 You were wielding a quarterstaff.
 You had basic skill with quarterstaff.

Final Attributes:
 You were devoutly aligned.
 You were magic-protected.
 You were sleep resistant.
 You had infravision.
 You were warded.
 You are dead.

Miscellaneous:
 You didn't encounter any bones levels.
 Total elapsed playing time was 6 minutes and 57 seconds.

Major events:
 Turn
    1: IanCurtis the chaotic male elven Wizard entered the dungeon
  865: attained the rank of Conjurer (level 3)
 1169: entered Sokoban
 1456: killed by a giant bat

Spells:
 Name                 Level Category     Fail Retention
 force bolt             1   attack         0%  91%-100%
 extra healing          3   healing       63%  76%-100%

Skills:
 Fighting Skills
   bare handed combat [Unskilled]
   riding             [Unskilled]
 Weapon Skills
   dagger             [Unskilled]
   knife              [Unskilled]
   axe                [Unskilled]
   short sword        [Unskilled]
   club               [Unskilled]
   mace               [Unskilled]
   quarterstaff       [Basic]
   polearms           [Unskilled]
   spear              [Unskilled]
   trident            [Unskilled]
   sling              [Unskilled]
   dart               [Unskilled]
   shuriken           [Unskilled]
 Spellcasting Skills
   attack spells      [Basic]
   healing spells     [Unskilled]
   divination spells  [Unskilled]
   enchantment spells [Basic]
   clerical spells    [Unskilled]
   escape spells      [Unskilled]
   matter spells      [Unskilled]

Voluntary challenges:
 Character rerolling was not enabled.
 You were illiterate.
 You never genocided any monsters.
 You never polymorphed an object.
 You never changed form.
 You used no wishes.
 You did not violate any of the special Sokoban rules.
Achievements:
 You entered a shop.
 You attained the rank of Conjurer.
 You entered Sokoban.

 The Dungeons of Doom: levels 1 to 6
    Level 1:
    Level 3: "vault"
       A general store.
    Level 4:
    Level 5: <- You were here.
       Final resting place for
          you, killed by a giant bat.
    Level 6:
       Stairs up to Sokoban, level 5.
 Sokoban:
    Level 5:
       Unsolved.


Vanquished creatures:
  a kitten
  a dwarf
  a kobold leader
  a monkey
  2 iguanas
  a hobbit
  2 manes
  2 giant rats
  3 cave spiders
  a brown mold
  a yellow mold
  a red mold
  a gecko
  a jackal
  2 kobolds
  3 grid bugs
  a lichen
  3 newts
28 creatures vanquished.

No species were genocided or became extinct.

Game over:
                       ----------
                      /          \
                     /    REST    \
                    /      IN      \
                   /     PEACE      \
                  /                  \
                  |    IanCurtis     |
                  |      39 Au       |
                  |   killed by a    |
                  |    giant bat     |
                  |                  |
                  |                  |
                  |       2026       |
                 *|     *  *  *      | *
        _________)/\\_//(\/(/\)/\//\/|_)_______

Goodbye IanCurtis the Wizard...

You died in The Dungeons of Doom on dungeon level 5 with 690 points,
and 39 pieces of gold, after 1456 moves.
You were level 4 with a maximum of 28 hit points when you died.

